 Dungeon Crawl Stone Soup version 0.20-a0-959-gdc9e609 (webtiles) character file.

150 Nattefrost the Poker (level 5, 0/43 HPs)
             Began as a Merfolk Fighter on Apr 5, 2017.
             Succumbed to Sigmund's poison
             ... on level 3 of the Dungeon on Apr 6, 2017.
             The game lasted 00:04:50 (1939 turns).

Nattefrost the Poker (Merfolk Fighter)              Turns: 1939, Time: 00:04:51

Health: 0/43       AC:  6    Str: 17    XL:     5   Next: 32%
Magic:  5/5        EV:  6    Int:  8    God:
Gold:   137        SH:  9    Dex: 13    Spells: 4/4 levels left

rFire    . . .     SeeInvis .   a - +0 trident
rCold    . . .     Gourm    .   c - +0 shield
rNeg     . . .     Faith    .   b - +0 scale mail
rPois    .         Spirit   .   (no helmet)
rElec    .         Reflect  .   (no cloak)
rCorr    .         Harm     .   (no gloves)
MR       .....                  (no boots)
Stlth    ..........             (no amulet)
Regen    0.2/turn               (no ring)
MPRegen  0.1/turn               (no ring)

@: lethally poisoned (0 -> -3)
A: change form in water, swift swim, stealthy swim
a: no special abilities


You were on level 3 of the Dungeon.
You were not hungry.

You visited 1 branch of the dungeon, and saw 3 of its levels.

You collected 137 gold pieces.

Inventory:

Hand Weapons
 a - a +0 trident (weapon)
Missiles
 e - 45 stones (quivered)
 p - 4 javelins
Armour
 b - a +0 scale mail (worn)
 c - a +0 shield (worn)
Wands
 r - a wand of random effects (22/48)
 w - a wand of iceblast (2/15)
Scrolls
 h - a scroll of teleportation {unknown}
 j - 2 scrolls of recharging {unknown}
 n - a scroll of random uselessness {unknown}
 s - a scroll of identify
 t - a scroll of enchant armour {unknown}
 u - a scroll of blinking {unknown}
 v - a scroll of enchant weapon {unknown}
Potions
 d - a potion of might
 g - 4 potions of curing
 k - a potion of lignification {unknown}
 l - 2 potions of invisibility
 m - a potion of heal wounds {unknown}
 o - a potion of berserk rage
Comestibles
 f - a bread ration
 i - 3 royal jellies
 q - 2 chunks of flesh


   Skills:
 + Level 4.3 Fighting
 * Level 6.8 Polearms
 - Level 2.1 Armour
 - Level 3.0 Shields


You had 4 spell levels left.
You didn't know any spells.

Dungeon Overview and Level Annotations

Branches:
Dungeon (3/15)

Altars:
Yredelemnul

Annotations:
D:3 Sigmund


Message History

The puff of flame hits you!
* * * LOW HITPOINT WARNING * * *
You feel sick. Sigmund gestures at you while chanting. The magic dart hits you!
* * * LOW HITPOINT WARNING * * *
Sigmund barely misses you.
You bump into the rock wall.
* * * LOW HITPOINT WARNING * * *
You feel sick.
Sigmund says, "You will soon forget everything."
Sigmund barely misses you.
You bump into the rock wall.
You feel less confused.
* * * LOW HITPOINT WARNING * * *
You feel sick. You block Sigmund's attack.
* * * LOW HITPOINT WARNING * * *
You feel sick.
You die...

........###...)......#
#...###
...[.##.....####.....# ##.##
####.##..##.# #.....# #.#
.....##..##.# #######
#.###### #######..##.#
#......# # .(....# #.#.###.#
# .#..#..# ########.##<..#.#
..#
#....#..####...@..##.#.#.#.#
..# # ..........@####.#
#...†..# ..#
#.#....!..##.######.### .##
#.##..#.......)...# .> #
#....##.######## ...
##.#.##.# .## ........#
##########


You could see Sigmund.

Vanquished Creatures
  Ijyb (D:3)
  4 adders
  A gnoll (D:1)
  2 oozes
  A worm (D:2)
  3 dart slugs
  An orc (D:3)
  A ball python (D:1)
  4 giant cockroaches
  7 goblins
  8 hobgoblins
  9 kobolds
  A quokka (D:2)
  8 bats
  4 frilled lizards
  6 rats
61 creatures vanquished.

Notes
Turn   | Place    | Note
-------+----------+-------------------------------------------
     0 | D:1      | Nattefrost the Merfolk Fighter began the quest for the Orb.
     0 | D:1      | Reached XP level 1. HP: 18/18 MP: 1/1
     6 | D:1      | Noticed a four-headed hydra
     6 | D:1      | Noticed an iguana
     7 | D:1      | Noticed a swamp worm
     7 | D:1      | Noticed an anaconda
    43 | D:1      | Reached XP level 2. HP: 23/24 MP: 2/2
    78 | D:1      | Reached skill level 4 in Polearms
   102 | D:1      | Reached XP level 3. HP: 21/30 MP: 3/3
   663 | D:2      | Reached skill level 5 in Polearms
  1074 | D:2      | Reached XP level 4. HP: 34/37 MP: 4/4
  1342 | D:2      | Found a basalt altar of Yredelemnul.
  1558 | D:3      | Upgraded the game from 0.20-a0-957-g47ad1fd to 0.20-a0-959-gdc9e609
  1583 | D:3      | Reached skill level 6 in Polearms
  1613 | D:3      | Noticed Ijyb
  1654 | D:3      | Killed Ijyb
  1654 | D:3      | Reached XP level 5. HP: 42/42 MP: 5/5
  1915 | D:3      | Noticed Sigmund
  1933 | D:3      | HP: 2/43 [poisoned by Sigmund]
  1939 | D:3      | Succumbed to Sigmund's poison

Vault maps used:
D:1:      onia_arrival_zoo_common, minmay_misc_feat_columns
D:2:      wad_pebble_path, lemuel_round_altar, minmay_tromino_v7
D:3:      kennysheep_generic_room_4, uniq_iyjb, uniq_jessica, uniq_sigmund

Skill      XL: |  1  2  3  4 |
---------------+-------------+-----
Polearms       | 4 5 6 |  6.8
Fighting       | 4 |  4.3
Armour         | |  2.1
Shields        | |  3.0

Action                   |  1- 3 |  4- 6 || total
-------------------------+-------+-------++-------
Melee: Trident           |    93 |   141 ||   234
  Use: Scroll            |     3 |       ||     3
  Eat: Chunk             |     1 |     3 ||     4
Armor: Scale mail        |    26 |    36 ||    62
Dodge: Dodged            |    12 |    18 ||    30
Block: Shield            |    31 |    57 ||    88
